NEW YORK R vs FLORIDA

Created - February-22-21 at 13:23

Goals
1 2 3 OT1 T
NEW YORK R 1 1 1 1 4
FLORIDA 2 0 1 0 3
Shots
1 2 3 OT1 T
NEW YORK R 5 9 4 1 19
FLORIDA 12 8 12 1 33

1st period

1. NEW YORK R , Sam Steel 2 (Seth Jones 15, Nico Hischier 6) at 4:53
2. FLORIDA , Martin Necas 10 (Patrick Marleau 11, Shayne Gostisbehere 9) at 6:26
3. FLORIDA , Radim Simek 4 (Ryan Donato 8, Markus Granlund 6) at 12:40

Penalties :
No Penalty

2nd period

4. NEW YORK R , Bo Horvat 11 (Seth Jones 16) at 7:25 (PP)

Penalties :
Joakim Nordstrom (FLA) for Fighting (Major) at 5:49, Brett Pesce (NYR) for Fighting (Major) at 5:49, Joakim Nordstrom (FLA) for instigated a fight (Game Misconduct) at 5:49, Joe Thornton (FLA) for Interference (Minor) at 15:51

3rd period

5. NEW YORK R , Andrew Cogliano 4 (Marc-Edouard Vlasic 14) at 6:14
6. FLORIDA , Joe Thornton 11 (Marc Staal 8, Markus Granlund 7) at 16:50

Penalties :
Frederik Andersen (NYR) for Slashing (Minor) at 10:13 - Tom Wilson served the penalty., Seth Jones (NYR) for Holding (Minor) at 11:41

Overtime #1

7. NEW YORK R , Sam Steel 3 (Brendan Lemieux 3, Colton Parayko 15) at 2:25

Penalties :
No Penalty

Goalie Stats

Frederik Andersen (NYR), 30 saves from 33 shots - (0.909), W, 14-8-4, 62:26 minutes
Jimmy Howard (FLA), 15 saves from 19 shots - (0.789), OTL, 9-12-5, 62:26 minutes

Players Stats for NEW YORK R

Player Name              G  A  P  +/- PIM S  H  SB GA TA FO     MP     PP MP  PK MP  
------------------------------------------------------------------------------------
Andrew Cogliano          1  0  1   0  0   1  0  0  0  0  1/1    17:30   1:37   0:58 
Bo Horvat                1  0  1  -2  0   3  0  0  0  0  14/26  24:26   1:37   2:25 
Brendan Lemieux          0  1  1   0  0   1  1  0  0  0  2/2    16:18   0:00   0:49 
Brett Pesce              0  0  0  -2  5   0  0  1  0  0  0/0    18:05   0:51   1:13 
Cam Fowler               0  0  0   0  0   0  3  1  0  0  0/0    15:29   1:07   0:00 
Colton Parayko           0  1  1   1  0   1  1  2  0  0  0/0    20:15   1:37   2:14 
Connor Brown             0  0  0   0  0   1  2  0  0  0  0/1    20:57   1:58   0:00 
Gabriel Vilardi          0  0  0   2  0   0  0  0  0  0  0/0     1:48   0:00   0:00 
Jake DeBrusk             0  0  0   0  0   0  0  1  0  0  0/0    20:24   1:58   0:00 
Jonathan Marchessault    0  0  0   0  0   3  3  0  0  0  8/18   20:10   1:58   0:29 
Karl Alzner              0  0  0   2  0   0  1  0  0  0  0/0     8:12   0:00   0:06 
Marc-Edouard Vlasic      0  1  1  -2  0   1  3  1  0  0  0/0    20:17   1:58   1:13 
Marcus Kruger            0  0  0  -1  0   0  0  1  0  0  0/0    14:25   0:00   0:00 
Mike Matheson            0  0  0   0  0   1  0  0  0  0  0/0    16:11   0:00   1:17 
Nico Hischier            0  1  1   0  0   1  0  0  0  0  8/19   15:08   0:00   0:29 
Sam Steel                2  0  2   1  0   2  0  0  0  0  2/6     7:52   0:00   0:14 
Seth Jones               0  2  2   1  2   1  4  2  0  0  0/0    24:13   1:37   0:50 
Tom Wilson               0  0  0  -2  0   3  3  0  0  0  0/1    21:38   1:37   0:59 

Players Stats for FLORIDA

Player Name              G  A  P  +/- PIM S  H  SB GA TA FO     MP     PP MP  PK MP  
------------------------------------------------------------------------------------
Adam Lowry               0  0  0  -1  0   1  2  1  0  0  0/4    16:23   0:00   1:10 
Alex Galchenyuk          0  0  0  -1  0   3  1  0  0  0  12/19  17:19   2:06   0:00 
Brett Ritchie            0  0  0  -1  0   3  1  0  0  0  0/0    17:28   0:00   0:33 
Craig Smith              0  0  0  -1  0   1  1  0  0  0  4/10   14:35   2:06   0:00 
Dante Fabbro             0  0  0   0  0   1  1  1  0  0  0/0    22:14   2:02   1:08 
Drake Batherson          0  0  0  -1  0   2  1  0  0  0  0/1    15:59   1:21   1:18 
Ilya Lyubushkin          0  0  0   1  0   1  6  0  0  0  0/0    18:04   0:04   1:47 
Joakim Nordstrom         0  0  0   1  17  0  0  0  0  0  0/0     5:23   0:00   0:00 
Joe Thornton             1  0  1   1  2   1  0  0  0  0  14/24  19:12   1:19   0:15 
Marc Staal               0  1  1  -1  0   1  2  0  0  0  0/0    19:08   0:00   0:19 
Markus Granlund          0  2  2   2  0   2  0  0  0  0  2/5    11:10   0:47   0:00 
Martin Necas             1  0  1   1  0   5  0  0  0  0  0/0    19:19   1:21   2:06 
Micheal Ferland          0  0  0  -1  0   0  2  0  0  0  0/0    13:11   0:00   0:00 
Nate Schmidt             0  0  0   0  0   2  1  0  0  0  0/0    22:25   2:02   1:19 
Patrick Marleau          0  1  1   0  0   4  0  0  0  0  2/2    19:27   1:21   1:29 
Radim Simek              1  0  1   1  0   2  0  0  0  0  0/0    19:25   1:21   1:51 
Ryan Donato              0  1  1   2  0   2  0  0  0  0  5/9    11:49   0:00   0:19 
Shayne Gostisbehere      0  1  1   0  0   2  0  0  0  0  0/0    21:10   1:25   0:46 

3 Stars

1 - Sam Steel (NYR)
2 - Seth Jones (NYR)
3 - Markus Granlund (FLA)

Power Play

NEW YORK R - 1 on 2 Attempt(s) - 50.00%
FLORIDA - 0 on 2 Attempt(s) - 0.00%

Penalty Kill

NEW YORK R - 2 on 2 Attempt(s) - 100.00% - Score 0 goal in Penalty Kill
FLORIDA - 1 on 2 Attempt(s) - 50.00% - Score 0 goal in Penalty Kill

Team Stat

NEW YORK R - Hits : 21 - Faceoff Wins : 35 - Blocked Shots : 9 - Penalty Minutes : 9
FLORIDA - Hits : 18 - Faceoff Wins : 39 - Blocked Shots : 2 - Penalty Minutes : 19

Official

Referees : Peter MacDougall and Garrett Rank
Linesman : Michel Cormier and Steven Walsh

Game Notes

Joakim Nordstrom and Brett Pesce fight to a draw at 5:49 of 2nd period
Joakim Nordstrom ejected from game at 5:49 of 2nd period

Finance

Level 1 -- Attendance: 6000 (100.00%) -- Ticket Income $480,000
Level 2 -- Attendance: 5000 (100.00%) -- Ticket Income $250,000
Level 3 -- Attendance: 1916 (95.80%) -- Ticket Income $53,648
Level 4 -- Attendance: 3800 (95.00%) -- Ticket Income $57,000
Luxury Box -- Attendance: 920 (92.00%) -- Ticket Income $138,000
Game was played at the BBT Center.
Total Attendance: 17636 (97.98%)
Total Ticket Income: $978,648
Total Income: $978,648

NEW YORK R

5 vs 5 Forward 
   Center                   Left Wing                Right Wing               Time % Phy DF OF 
 1 Bo Horvat                Andrew Cogliano          Tom Wilson               35     1   2  2  
 2 Jonathan Marchessault    Jake DeBrusk             Connor Brown             30     1   2  2  
 3 Nico Hischier            Brendan Lemieux          Marcus Kruger            25     1   2  2  
 4 Sam Steel                Bo Horvat                Tom Wilson               10     1   2  2  

5 vs 5 Defense 
   Defense                  Defense                                           Time % Phy DF OF 
 1 Seth Jones               Colton Parayko                                    35     1   2  2  
 2 Marc-Edouard Vlasic      Brett Pesce                                       30     1   2  2  
 3 Cam Fowler               Mike Matheson                                     25     1   2  2  
 4 Karl Alzner              Seth Jones                                        10     1   2  2  

PowerPlay Forward 
   Center                   Left Wing                Right Wing               Time % Phy DF OF 
 1 Bo Horvat                Andrew Cogliano          Tom Wilson               60     1   2  2  
 2 Jonathan Marchessault    Jake DeBrusk             Connor Brown             40     1   2  2  

PowerPlay Defense
   Defense                  Defense                                           Time % Phy DF OF 
 1 Seth Jones               Colton Parayko                                    60     1   2  2  
 2 Marc-Edouard Vlasic      Brett Pesce                                       40     1   2  2  

Penalty Kill 4 Players Forward 
   Center                   Wing                     Time % Phy DF OF 
 1 Bo Horvat                Tom Wilson               60     1   2  2  
 2 Jonathan Marchessault    Nico Hischier            40     1   2  2  

Penalty Kill 4 Players Defense
   Defense                  Defense                  Time % Phy DF OF 
 1 Seth Jones               Colton Parayko           60     1   2  2  
 2 Marc-Edouard Vlasic      Brett Pesce              40     1   2  2  

Penalty Kill - 3 Players Forward 
   Forward                                           Time % Phy DF OF 
 1 Bo Horvat                                         60     1   2  2  
 2 Tom Wilson                                        40     1   2  2  

Penalty Kill - 3 Players Defense
   Defense                  Defense                  Time % Phy DF OF 
 1 Seth Jones               Colton Parayko           60     1   2  2  
 2 Marc-Edouard Vlasic      Brett Pesce              40     1   2  2  

4 vs 4 Forward 
   Center                   Wing                     Time % Phy DF OF 
 1 Bo Horvat                Tom Wilson               60     1   2  2  
 2 Jonathan Marchessault    Nico Hischier            40     1   2  2  

4 vs 4 Defense
   Defense                  Defense                  Time % Phy DF OF 
 1 Seth Jones               Colton Parayko           60     1   2  2  
 2 Marc-Edouard Vlasic      Brett Pesce              40     1   2  2  

Last Minutes Offensive
   Center                   Left Wing                Right Wing               Defense                  Defense                  
   Bo Horvat                Andrew Cogliano          Tom Wilson               Seth Jones               Colton Parayko           

Last Minutes Defensive
   Center                   Left Wing                Right Wing               Defense                  Defense                  
   Bo Horvat                Andrew Cogliano          Tom Wilson               Seth Jones               Colton Parayko           

Goaltenders
Starting : Frederik Andersen        
Backup : Craig Anderson           

Extra Forwards
Normal : Gabriel Vilardi, Sam Steel, Brendan Lemieux - PP : Gabriel Vilardi, Sam Steel - PK : Brendan Lemieux
Extra Defensemen
Normal : Cam Fowler, Mike Matheson, Karl Alzner - PP : Cam Fowler - PK : Mike Matheson, Karl Alzner
Penalty Shots
Bo Horvat, Tom Wilson, Jonathan Marchessault, Nico Hischier, Connor Brown

Scratches
Leon Draisaitl (Healthy), Artemi Panarin (Healthy), Frederik Gauthier (Healthy)

FLORIDA

5 vs 5 Forward 
   Center                   Left Wing                Right Wing               Time % Phy DF OF 
 1 Joe Thornton             Patrick Marleau          Martin Necas             33     3   0  2  
 2 Alex Galchenyuk          Adam Lowry               Brett Ritchie            30     3   0  2  
 3 Craig Smith              Micheal Ferland          Drake Batherson          20     3   0  2  
 4 Ryan Donato              Markus Granlund          Joakim Nordstrom         17     3   0  2  

5 vs 5 Defense 
   Defense                  Defense                                           Time % Phy DF OF 
 1 Dante Fabbro             Nate Schmidt                                      35     4   0  1  
 2 Marc Staal               Shayne Gostisbehere                               35     4   0  1  
 3 Radim Simek              Ilya Lyubushkin                                   25     4   0  1  
 4 Dante Fabbro             Nate Schmidt                                      5      4   0  1  

PowerPlay Forward 
   Center                   Left Wing                Right Wing               Time % Phy DF OF 
 1 Drake Batherson          Patrick Marleau          Martin Necas             60     2   0  3  
 2 Joe Thornton             Alex Galchenyuk          Craig Smith              40     2   0  3  

PowerPlay Defense
   Defense                  Defense                                           Time % Phy DF OF 
 1 Dante Fabbro             Nate Schmidt                                      60     2   0  3  
 2 Shayne Gostisbehere      Radim Simek                                       40     2   0  3  

Penalty Kill 4 Players Forward 
   Center                   Wing                     Time % Phy DF OF 
 1 Adam Lowry               Martin Necas             60     2   1  2  
 2 Joe Thornton             Drake Batherson          40     2   1  2  

Penalty Kill 4 Players Defense
   Defense                  Defense                  Time % Phy DF OF 
 1 Dante Fabbro             Nate Schmidt             60     2   1  2  
 2 Ilya Lyubushkin          Radim Simek              40     2   1  2  

Penalty Kill - 3 Players Forward 
   Forward                                           Time % Phy DF OF 
 1 Martin Necas                                      60     2   1  2  
 2 Drake Batherson                                   40     2   1  2  

Penalty Kill - 3 Players Defense
   Defense                  Defense                  Time % Phy DF OF 
 1 Dante Fabbro             Nate Schmidt             60     2   1  2  
 2 Ilya Lyubushkin          Radim Simek              40     2   1  2  

4 vs 4 Forward 
   Center                   Wing                     Time % Phy DF OF 
 1 Drake Batherson          Martin Necas             60     3   0  2  
 2 Joe Thornton             Patrick Marleau          40     3   0  2  

4 vs 4 Defense
   Defense                  Defense                  Time % Phy DF OF 
 1 Dante Fabbro             Nate Schmidt             60     3   0  2  
 2 Shayne Gostisbehere      Radim Simek              40     3   0  2  

Last Minutes Offensive
   Center                   Left Wing                Right Wing               Defense                  Defense                  
   Drake Batherson          Patrick Marleau          Martin Necas             Dante Fabbro             Ilya Lyubushkin          

Last Minutes Defensive
   Center                   Left Wing                Right Wing               Defense                  Defense                  
   Drake Batherson          Patrick Marleau          Martin Necas             Dante Fabbro             Ilya Lyubushkin          

Goaltenders
Starting : Jimmy Howard             
Backup : Marc-Andre Fleury        

Extra Forwards
Normal : Brett Ritchie, Markus Granlund, Martin Necas - PP : Brett Ritchie, Markus Granlund - PK : Brett Ritchie
Extra Defensemen
Normal : Ilya Lyubushkin, Radim Simek, Nate Schmidt - PP : Ilya Lyubushkin - PK : Ilya Lyubushkin, Nate Schmidt
Penalty Shots
Drake Batherson, Martin Necas, Brett Ritchie, Patrick Marleau, Nate Schmidt

Scratches
FLA Cap Hit (Suspend), Denis Malgin (Strained Left Elbow Injury), Justin Schultz (Healthy)

% Time on Ice - NEW YORK R

Lines # - Real PCT - Wanted PCT - Time Play
Normal Forward
1 - 26% - 35% - 13:33
2 - 35% - 30% - 18:26
3 - 27% - 25% - 14:25
4 - 12% - 10% - 6:34
Normal Defense
1 - 29% - 35% - 15:20
2 - 32% - 30% - 17:06
3 - 27% - 25% - 14:06
4 - 12% - 10% - 6:26
PP Forward
1 - 45% - 60% - 1:37
2 - 55% - 40% - 1:58
PP Defense
1 - 45% - 60% - 1:37
2 - 55% - 40% - 1:58
PK Forward
1 - 84% - 60% - 2:27
2 - 16% - 40% - 0:29
PK Defense
1 - 61% - 60% - 1:47
2 - 39% - 40% - 1:09
PK3 Forward
1 - 100% - 60% - 0:31
2 - 0% - 40% - 0:00
PK3 Defense
1 - 87% - 60% - 0:27
2 - 13% - 40% - 0:04
44 Forward
1 - 0% - 60%
2 - 0% - 40%
44 Defense
1 - 0% - 60%
2 - 0% - 40%
Last Minute Offensive  - 0:00
Last Minute Defensive  - 0:00
Total
Forward - 60:00
Defense - 60:00

% Time on Ice - FLORIDA

Lines # - Real PCT - Wanted PCT - Time Play
Normal Forward
1 - 28% - 33% - 14:53
2 - 29% - 30% - 15:13
3 - 24% - 20% - 12:29
4 - 20% - 17% - 10:23
Normal Defense
1 - 33% - 35% - 17:43
2 - 33% - 35% - 17:41
3 - 31% - 25% - 16:13
4 - 3% - 5% - 1:21
PP Forward
1 - 39% - 60% - 1:21
2 - 61% - 40% - 2:06
PP Defense
1 - 59% - 60% - 2:02
2 - 41% - 40% - 1:25
PK Forward
1 - 75% - 60% - 2:42
2 - 25% - 40% - 0:53
PK Defense
1 - 46% - 60% - 1:38
2 - 54% - 40% - 1:57
PK3 Forward
1 - 0% - 60%
2 - 0% - 40%
PK3 Defense
1 - 0% - 60%
2 - 0% - 40%
44 Forward
1 - 0% - 60%
2 - 0% - 40%
44 Defense
1 - 0% - 60%
2 - 0% - 40%
Last Minute Offensive  - 0:00
Last Minute Defensive  - 0:00
Total
Forward - 60:00
Defense - 60:00

Play-by-Play

1st period


0:01 of 1st period - Joe Thornton wins face-off versus Bo Horvat in neutral zone.
0:07 of 1st period - Nate Schmidt is hit by Seth Jones and loses puck.
0:17 of 1st period - Martin Necas is hit by Seth Jones.
0:31 of 1st period - Shot by Tom Wilson.
0:31 of 1st period - Stopped by Jimmy Howard without a rebound.
0:32 of 1st period - Alex Galchenyuk wins face-off versus Jonathan Marchessault in FLORIDA zone.
0:32 of 1st period - Alex Galchenyuk is hit by Jonathan Marchessault.
0:38 of 1st period - Shot by Shayne Gostisbehere.
0:38 of 1st period - Stopped by Frederik Andersen without a rebound.
0:39 of 1st period - Nico Hischier wins face-off versus Craig Smith in NEW YORK R zone.
0:45 of 1st period - Off-side.
0:46 of 1st period - Jonathan Marchessault wins face-off versus Ryan Donato in neutral zone.
1:01 of 1st period - Shot by Marc Staal.
1:01 of 1st period - Stopped by Frederik Andersen without a rebound.
1:02 of 1st period - Nico Hischier wins face-off versus Alex Galchenyuk in NEW YORK R zone.
1:31 of 1st period - Shot by Alex Galchenyuk.
1:31 of 1st period - Stopped by Frederik Andersen with a rebound.
2:43 of 1st period - Off-side.
2:44 of 1st period - Markus Granlund wins face-off versus Bo Horvat in neutral zone.
3:42 of 1st period - Shot by Joe Thornton.
3:42 of 1st period - Shot Hit the Post.
4:26 of 1st period - Connor Brown is hit by Marc Staal and loses puck.
4:45 of 1st period - Shot by Nico Hischier.
4:45 of 1st period - Shot Blocked by Adam Lowry.
4:47 of 1st period - Shot by Seth Jones.
4:47 of 1st period - Shot Misses the Net.
4:49 of 1st period - Shot by Sam Steel.
4:49 of 1st period - Shot Misses the Net.
4:51 of 1st period - Shot by Seth Jones.
4:51 of 1st period - Shot Hit the Post.
4:53 of 1st period - Shot by Sam Steel.
4:53 of 1st period - Goal by Sam Steel - NEW YORK R : 1 - FLORIDA : 0.
4:54 of 1st period - Craig Smith wins face-off versus Sam Steel in neutral zone.
6:00 of 1st period - Icing by Dante Fabbro.
6:01 of 1st period - Nico Hischier wins face-off versus Craig Smith in FLORIDA zone.
6:24 of 1st period - Shot by Patrick Marleau.
6:24 of 1st period - Shot Blocked by Marcus Kruger.
6:26 of 1st period - Shot by Martin Necas.
6:26 of 1st period - Goal by Martin Necas - NEW YORK R : 1 - FLORIDA : 1.
6:27 of 1st period - Alex Galchenyuk wins face-off versus Tom Wilson in neutral zone.
6:39 of 1st period - Off-side.
6:40 of 1st period - Joe Thornton wins face-off versus Jonathan Marchessault in neutral zone.
6:43 of 1st period - Shot by Martin Necas.
6:43 of 1st period - Stopped by Frederik Andersen without a rebound.
6:44 of 1st period - Joe Thornton wins face-off versus Nico Hischier in NEW YORK R zone.
6:47 of 1st period - Shot by Martin Necas.
6:47 of 1st period - Stopped by Frederik Andersen without a rebound.
6:48 of 1st period - Jonathan Marchessault wins face-off versus Joe Thornton in NEW YORK R zone.
7:45 of 1st period - Icing by Tom Wilson.
7:46 of 1st period - Alex Galchenyuk wins face-off versus Bo Horvat in NEW YORK R zone.
8:09 of 1st period - Shot by Nate Schmidt.
8:09 of 1st period - Stopped by Frederik Andersen without a rebound.
8:10 of 1st period - Ryan Donato wins face-off versus Nico Hischier in NEW YORK R zone.
8:13 of 1st period - Shot by Markus Granlund.
8:13 of 1st period - Stopped by Frederik Andersen with a rebound.
8:19 of 1st period - Shot by Ryan Donato.
8:19 of 1st period - Stopped by Frederik Andersen without a rebound.
8:20 of 1st period - Jonathan Marchessault wins face-off versus Craig Smith in NEW YORK R zone.
8:39 of 1st period - Icing by Seth Jones.
8:40 of 1st period - Markus Granlund wins face-off versus Jonathan Marchessault in NEW YORK R zone.
8:54 of 1st period - Jake DeBrusk is hit by Ilya Lyubushkin and loses puck.
9:40 of 1st period - Shot by Tom Wilson.
9:40 of 1st period - Stopped by Jimmy Howard without a rebound.
9:41 of 1st period - Alex Galchenyuk wins face-off versus Nico Hischier in FLORIDA zone.
9:41 of 1st period - Alex Galchenyuk is hit by Brendan Lemieux.
10:02 of 1st period - Icing by Mike Matheson.
10:03 of 1st period - Joe Thornton wins face-off versus Nico Hischier in NEW YORK R zone.
10:04 of 1st period - Shot by Patrick Marleau.
10:04 of 1st period - Stopped by Frederik Andersen with a rebound.
10:58 of 1st period - Bo Horvat is hit by Marc Staal and loses puck.
11:09 of 1st period - Patrick Marleau is hit by Tom Wilson and loses puck.
11:24 of 1st period - Shot by Jonathan Marchessault.
11:24 of 1st period - Stopped by Jimmy Howard without a rebound.
11:25 of 1st period - Alex Galchenyuk wins face-off versus Jonathan Marchessault in FLORIDA zone.
11:31 of 1st period - Icing by Seth Jones.
11:32 of 1st period - Alex Galchenyuk wins face-off versus Jonathan Marchessault in NEW YORK R zone.
12:04 of 1st period - Shot by Jonathan Marchessault.
12:04 of 1st period - Stopped by Jimmy Howard without a rebound.
12:05 of 1st period - Sam Steel wins face-off versus Markus Granlund in FLORIDA zone.
12:34 of 1st period - Shot by Markus Granlund.
12:34 of 1st period - Shot Misses the Net.
12:38 of 1st period - Shot by Ryan Donato.
12:38 of 1st period - Stopped by Frederik Andersen with a rebound.
12:40 of 1st period - Shot by Radim Simek.
12:40 of 1st period - Goal by Radim Simek - NEW YORK R : 1 - FLORIDA : 2.
12:41 of 1st period - Craig Smith wins face-off versus Nico Hischier in neutral zone.
12:45 of 1st period - Icing by Seth Jones.
12:46 of 1st period - Alex Galchenyuk wins face-off versus Nico Hischier in NEW YORK R zone.
12:46 of 1st period - Alex Galchenyuk is hit by Seth Jones.
12:48 of 1st period - Shot by Nate Schmidt.
12:48 of 1st period - Shot Misses the Net.
12:51 of 1st period - Icing by Seth Jones.
12:52 of 1st period - Nico Hischier wins face-off versus Alex Galchenyuk in NEW YORK R zone.
13:35 of 1st period - Brett Ritchie is hit by Seth Jones and loses puck.
14:43 of 1st period - Drake Batherson is hit by Cam Fowler.
14:56 of 1st period - Icing by Mike Matheson.
14:57 of 1st period - Ryan Donato wins face-off versus Jonathan Marchessault in NEW YORK R zone.
14:57 of 1st period - Nate Schmidt is hit by Cam Fowler and loses puck.
15:19 of 1st period - Dante Fabbro is hit by Connor Brown and loses puck.
15:41 of 1st period - Icing by Jake DeBrusk.
15:42 of 1st period - Jonathan Marchessault wins face-off versus Alex Galchenyuk in NEW YORK R zone.
16:00 of 1st period - Off-side.
16:01 of 1st period - Bo Horvat wins face-off versus Joe Thornton in neutral zone.
17:04 of 1st period - Brendan Lemieux is hit by Adam Lowry and loses puck.
17:13 of 1st period - Nico Hischier is hit by Alex Galchenyuk and loses puck.
17:43 of 1st period - Micheal Ferland is hit by Marc-Edouard Vlasic and loses puck.
18:05 of 1st period - Micheal Ferland is hit by Marc-Edouard Vlasic and loses puck.
19:20 of 1st period - Marc Staal is hit by Tom Wilson and loses puck.
19:50 of 1st period - Icing by Seth Jones.
19:51 of 1st period - Alex Galchenyuk wins face-off versus Sam Steel in NEW YORK R zone.
Goals for this period are 1 for NEW YORK R vs 2 for FLORIDA.
Shots for this period are 5 for NEW YORK R vs 12 for FLORIDA.

2nd period


0:01 of 2nd period - Joe Thornton wins face-off versus Bo Horvat in neutral zone.
0:20 of 2nd period - Shot by Patrick Marleau.
0:20 of 2nd period - Stopped by Frederik Andersen without a rebound.
0:21 of 2nd period - Jonathan Marchessault wins face-off versus Alex Galchenyuk in NEW YORK R zone.
0:26 of 2nd period - Ilya Lyubushkin is hit by Connor Brown and loses puck.
1:12 of 2nd period - Tom Wilson is hit by Ilya Lyubushkin and loses puck.
1:19 of 2nd period - Shot by Bo Horvat.
1:19 of 2nd period - Stopped by Jimmy Howard without a rebound.
1:20 of 2nd period - Joe Thornton wins face-off versus Nico Hischier in FLORIDA zone.
2:56 of 2nd period - Tom Wilson is hit by Micheal Ferland and loses puck.
3:01 of 2nd period - Marc Staal is hit by Tom Wilson and loses puck.
3:18 of 2nd period - Brett Pesce is hit by Micheal Ferland and loses puck.
4:29 of 2nd period - Shot by Alex Galchenyuk.
4:29 of 2nd period - Stopped by Frederik Andersen with a rebound.
5:26 of 2nd period - Shot by Jonathan Marchessault.
5:26 of 2nd period - Stopped by Jimmy Howard without a rebound.
5:27 of 2nd period - Jonathan Marchessault wins face-off versus Ryan Donato in FLORIDA zone.
5:36 of 2nd period - Shot by Jake DeBrusk.
5:36 of 2nd period - Shot Misses the Net.
5:49 of 2nd period - Joakim Nordstrom and Brett Pesce fight to a draw.
5:49 of 2nd period - Penalty to Joakim Nordstrom for Fighting.
5:49 of 2nd period - Penalty to Brett Pesce for Fighting.
5:49 of 2nd period - Penalty to Joakim Nordstrom for instigated a fight.
5:49 of 2nd period - Joakim Nordstrom is ejected from game.
5:50 of 2nd period - Bo Horvat wins face-off versus Adam Lowry in neutral zone.
6:06 of 2nd period - Shot by Seth Jones.
6:06 of 2nd period - Stopped by Jimmy Howard without a rebound.
6:07 of 2nd period - Jonathan Marchessault wins face-off versus Adam Lowry in FLORIDA zone.
6:25 of 2nd period - Icing by Cam Fowler.
6:26 of 2nd period - Jonathan Marchessault wins face-off versus Adam Lowry in NEW YORK R zone.
7:25 of 2nd period - Shot by Seth Jones.
7:25 of 2nd period - Deflect By Bo Horvat.
7:25 of 2nd period - Goal by Bo Horvat - NEW YORK R : 2 - FLORIDA : 2.
7:26 of 2nd period - Nico Hischier wins face-off versus Craig Smith in neutral zone.
8:31 of 2nd period - Shot by Tom Wilson.
8:31 of 2nd period - Stopped by Jimmy Howard without a rebound.
8:32 of 2nd period - Joe Thornton wins face-off versus Sam Steel in FLORIDA zone.
9:01 of 2nd period - Shot by Martin Necas.
9:01 of 2nd period - Stopped by Frederik Andersen with a rebound.
9:24 of 2nd period - Patrick Marleau is hit by Karl Alzner and loses puck.
9:57 of 2nd period - Shot by Brett Ritchie.
9:57 of 2nd period - Shot Hit the Post.
9:59 of 2nd period - Shot by Brett Ritchie.
9:59 of 2nd period - Stopped by Frederik Andersen with a rebound.
10:16 of 2nd period - Karl Alzner is hit by Ilya Lyubushkin.
10:36 of 2nd period - Shot by Nico Hischier.
10:36 of 2nd period - Stopped by Jimmy Howard without a rebound.
10:37 of 2nd period - Bo Horvat wins face-off versus Ryan Donato in FLORIDA zone.
10:38 of 2nd period - Shot by Mike Matheson.
10:38 of 2nd period - Stopped by Jimmy Howard with a rebound.
10:54 of 2nd period - Shot by Markus Granlund.
10:54 of 2nd period - Shot Blocked by Cam Fowler.
10:59 of 2nd period - Ryan Donato is hit by Cam Fowler and loses puck.
11:28 of 2nd period - Shot by Craig Smith.
11:28 of 2nd period - Deflect By Drake Batherson.
11:28 of 2nd period - Stopped by Frederik Andersen without a rebound.
11:29 of 2nd period - Brendan Lemieux wins face-off versus Alex Galchenyuk in NEW YORK R zone.
11:31 of 2nd period - Icing by Colton Parayko.
11:32 of 2nd period - Alex Galchenyuk wins face-off versus Nico Hischier in NEW YORK R zone.
11:35 of 2nd period - Shot by Alex Galchenyuk.
11:35 of 2nd period - Deflect By Adam Lowry.
11:35 of 2nd period - Stopped by Frederik Andersen without a rebound.
11:36 of 2nd period - Alex Galchenyuk wins face-off versus Jonathan Marchessault in NEW YORK R zone.
11:49 of 2nd period - Shot by Adam Lowry.
11:49 of 2nd period - Shot Misses the Net.
13:40 of 2nd period - Patrick Marleau is hit by Marc-Edouard Vlasic and loses puck.
13:48 of 2nd period - Icing by Marc-Edouard Vlasic.
13:49 of 2nd period - Ryan Donato wins face-off versus Bo Horvat in NEW YORK R zone.
13:56 of 2nd period - Shot by Markus Granlund.
13:56 of 2nd period - Stopped by Frederik Andersen with a rebound.
13:58 of 2nd period - Shot by Brett Ritchie.
13:58 of 2nd period - Stopped by Frederik Andersen without a rebound.
13:59 of 2nd period - Nico Hischier wins face-off versus Alex Galchenyuk in NEW YORK R zone.
14:01 of 2nd period - Icing by Cam Fowler.
14:02 of 2nd period - Brendan Lemieux wins face-off versus Alex Galchenyuk in NEW YORK R zone.
15:51 of 2nd period - Minor Penalty to Joe Thornton for Interference.
15:52 of 2nd period - Patrick Marleau wins face-off versus Bo Horvat in FLORIDA zone.
16:03 of 2nd period - Shot by Colton Parayko.
16:03 of 2nd period - Stopped by Jimmy Howard with a rebound.
16:39 of 2nd period - Shot by Marc-Edouard Vlasic.
16:39 of 2nd period - Stopped by Jimmy Howard without a rebound.
16:40 of 2nd period - Patrick Marleau wins face-off versus Jonathan Marchessault in FLORIDA zone.
16:53 of 2nd period - Shot by Jonathan Marchessault.
16:53 of 2nd period - Shot Hit the Post.
17:25 of 2nd period - Icing by Seth Jones.
17:26 of 2nd period - Andrew Cogliano wins face-off versus Adam Lowry in NEW YORK R zone.
17:35 of 2nd period - Shot by Seth Jones.
17:35 of 2nd period - Shot Blocked by Dante Fabbro.
17:37 of 2nd period - Shot by Tom Wilson.
17:37 of 2nd period - Shot Misses the Net.
17:58 of 2nd period - Shot by Marcus Kruger.
17:58 of 2nd period - Shot Misses the Net.
18:03 of 2nd period - Icing by Shayne Gostisbehere.
18:04 of 2nd period - Nico Hischier wins face-off versus Ryan Donato in FLORIDA zone.
18:10 of 2nd period - Off-side.
18:11 of 2nd period - Craig Smith wins face-off versus Connor Brown in neutral zone.
18:11 of 2nd period - Craig Smith is hit by Jonathan Marchessault.
18:39 of 2nd period - Jonathan Marchessault is hit by Ilya Lyubushkin.
18:44 of 2nd period - Icing by Drake Batherson.
18:45 of 2nd period - Nico Hischier wins face-off versus Craig Smith in FLORIDA zone.
18:52 of 2nd period - Shot by Nico Hischier.
18:52 of 2nd period - Shot Misses the Net.
18:54 of 2nd period - Shot by Marcus Kruger.
18:54 of 2nd period - Shot Misses the Net.
18:56 of 2nd period - Shot by Colton Parayko.
18:56 of 2nd period - Shot Misses the Net.
19:45 of 2nd period - Shot by Brett Pesce.
19:45 of 2nd period - Shot Misses the Net.
Goals for this period are 1 for NEW YORK R vs 0 for FLORIDA.
Shots for this period are 9 for NEW YORK R vs 8 for FLORIDA.

3rd period


0:01 of 3rd period - Bo Horvat wins face-off versus Joe Thornton in neutral zone.
0:25 of 3rd period - Icing by Shayne Gostisbehere.
0:26 of 3rd period - Joe Thornton wins face-off versus Jonathan Marchessault in FLORIDA zone.
2:20 of 3rd period - Shot by Ryan Donato.
2:20 of 3rd period - Shot Blocked by Seth Jones.
3:51 of 3rd period - Shot by Ryan Donato.
3:51 of 3rd period - Deflect By Martin Necas.
3:51 of 3rd period - Shot Misses the Net.
4:04 of 3rd period - Shot by Connor Brown.
4:04 of 3rd period - Stopped by Jimmy Howard with a rebound.
4:06 of 3rd period - Shot by Karl Alzner.
4:06 of 3rd period - Shot Misses the Net.
5:17 of 3rd period - Brendan Lemieux is hit by Ilya Lyubushkin and loses puck.
6:14 of 3rd period - Shot by Andrew Cogliano.
6:14 of 3rd period - Goal by Andrew Cogliano - NEW YORK R : 3 - FLORIDA : 2.
6:15 of 3rd period - Bo Horvat wins face-off versus Joe Thornton in neutral zone.
6:24 of 3rd period - Shot by Bo Horvat.
6:24 of 3rd period - Stopped by Jimmy Howard without a rebound.
6:25 of 3rd period - Joe Thornton wins face-off versus Nico Hischier in FLORIDA zone.
6:33 of 3rd period - Shot by Brendan Lemieux.
6:33 of 3rd period - Stopped by Jimmy Howard without a rebound.
6:34 of 3rd period - Alex Galchenyuk wins face-off versus Jonathan Marchessault in FLORIDA zone.
6:34 of 3rd period - Alex Galchenyuk is hit by Jonathan Marchessault.
6:40 of 3rd period - Brett Pesce is hit by Adam Lowry.
6:52 of 3rd period - Shot by Jake DeBrusk.
6:52 of 3rd period - Shot Misses the Net.
7:40 of 3rd period - Shot by Martin Necas.
7:40 of 3rd period - Deflect By Patrick Marleau.
7:40 of 3rd period - Shot Misses the Net.
7:47 of 3rd period - Icing by Tom Wilson.
7:48 of 3rd period - Bo Horvat wins face-off versus Craig Smith in NEW YORK R zone.
7:48 of 3rd period - Bo Horvat is hit by Craig Smith.
7:55 of 3rd period - Mike Matheson is hit by Nate Schmidt and loses puck.
8:12 of 3rd period - Icing by Bo Horvat.
8:13 of 3rd period - Joe Thornton wins face-off versus Bo Horvat in NEW YORK R zone.
8:51 of 3rd period - Nico Hischier is hit by Ilya Lyubushkin and loses puck.
9:47 of 3rd period - Marc-Edouard Vlasic is hit by Brett Ritchie and loses puck.
9:58 of 3rd period - Icing by Nate Schmidt.
9:59 of 3rd period - Ryan Donato wins face-off versus Sam Steel in FLORIDA zone.
10:13 of 3rd period - Shot by Nate Schmidt.
10:13 of 3rd period - Stopped by Frederik Andersen without a rebound.
10:13 of 3rd period - Minor Penalty to Frederik Andersen for Slashing.
10:14 of 3rd period - Bo Horvat wins face-off versus Markus Granlund in NEW YORK R zone.
10:46 of 3rd period - Icing by Dante Fabbro.
10:47 of 3rd period - Bo Horvat wins face-off versus Markus Granlund in FLORIDA zone.
11:26 of 3rd period - Shot by Shayne Gostisbehere.
11:26 of 3rd period - Stopped by Frederik Andersen with a rebound.
11:28 of 3rd period - Shot by Martin Necas.
11:28 of 3rd period - Shot Misses the Net.
11:30 of 3rd period - Shot by Radim Simek.
11:30 of 3rd period - Deflect By Martin Necas.
11:30 of 3rd period - Stopped by Frederik Andersen without a rebound.
11:31 of 3rd period - Joe Thornton wins face-off versus Bo Horvat in NEW YORK R zone.
11:41 of 3rd period - Minor Penalty to Seth Jones for Holding.
11:42 of 3rd period - Joe Thornton wins face-off versus Bo Horvat in NEW YORK R zone.
11:43 of 3rd period - Shot by Alex Galchenyuk.
11:43 of 3rd period - Shot Blocked by Brett Pesce.
11:45 of 3rd period - Shot by Ilya Lyubushkin.
11:45 of 3rd period - Stopped by Frederik Andersen without a rebound.
11:46 of 3rd period - Joe Thornton wins face-off versus Bo Horvat in NEW YORK R zone.
11:51 of 3rd period - Shot by Alex Galchenyuk.
11:51 of 3rd period - Stopped by Frederik Andersen without a rebound.
11:52 of 3rd period - Bo Horvat wins face-off versus Drake Batherson in NEW YORK R zone.
11:52 of 3rd period - Colton Parayko is hit by Drake Batherson and loses puck.
12:03 of 3rd period - Shot by Radim Simek.
12:03 of 3rd period - Stopped by Frederik Andersen without a rebound.
12:04 of 3rd period - Bo Horvat wins face-off versus Joe Thornton in NEW YORK R zone.
12:10 of 3rd period - Icing by Nate Schmidt.
12:11 of 3rd period - Bo Horvat wins face-off versus Joe Thornton in FLORIDA zone.
12:31 of 3rd period - Icing by Nate Schmidt.
12:32 of 3rd period - Bo Horvat wins face-off versus Joe Thornton in FLORIDA zone.
12:32 of 3rd period - Bo Horvat is hit by Dante Fabbro.
12:44 of 3rd period - Shot by Dante Fabbro.
12:44 of 3rd period - Shot Blocked by Colton Parayko.
12:46 of 3rd period - Shot by Nate Schmidt.
12:46 of 3rd period - Shot Misses the Net.
12:51 of 3rd period - Shot by Dante Fabbro.
12:51 of 3rd period - Shot Misses the Net.
13:30 of 3rd period - Shot by Shayne Gostisbehere.
13:30 of 3rd period - Shot Misses the Net.
14:02 of 3rd period - Shot by Ryan Donato.
14:02 of 3rd period - Shot Misses the Net.
14:12 of 3rd period - Shot by Brett Ritchie.
14:12 of 3rd period - Stopped by Frederik Andersen with a rebound.
14:36 of 3rd period - Shot by Craig Smith.
14:36 of 3rd period - Deflect By Drake Batherson.
14:36 of 3rd period - Shot Blocked by Jake DeBrusk.
14:38 of 3rd period - Shot by Dante Fabbro.
14:38 of 3rd period - Stopped by Frederik Andersen with a rebound.
15:00 of 3rd period - Shot by Patrick Marleau.
15:00 of 3rd period - Stopped by Frederik Andersen with a rebound.
15:04 of 3rd period - Shot by Patrick Marleau.
15:04 of 3rd period - Shot Misses the Net.
15:06 of 3rd period - Shot by Patrick Marleau.
15:06 of 3rd period - Deflect By Martin Necas.
15:06 of 3rd period - Shot Misses the Net.
15:22 of 3rd period - Icing by Patrick Marleau.
15:23 of 3rd period - Bo Horvat wins face-off versus Joe Thornton in FLORIDA zone.
16:12 of 3rd period - Shot by Nate Schmidt.
16:12 of 3rd period - Shot Blocked by Marc-Edouard Vlasic.
16:14 of 3rd period - Shot by Brett Ritchie.
16:14 of 3rd period - Shot Misses the Net.
16:50 of 3rd period - Shot by Joe Thornton.
16:50 of 3rd period - Goal by Joe Thornton - NEW YORK R : 3 - FLORIDA : 3.
16:51 of 3rd period - Craig Smith wins face-off versus Nico Hischier in neutral zone.
17:17 of 3rd period - Shot by Drake Batherson.
17:17 of 3rd period - Stopped by Frederik Andersen without a rebound.
17:18 of 3rd period - Alex Galchenyuk wins face-off versus Nico Hischier in NEW YORK R zone.
17:33 of 3rd period - Shot by Alex Galchenyuk.
17:33 of 3rd period - Shot Misses the Net.
17:49 of 3rd period - Shot by Alex Galchenyuk.
17:49 of 3rd period - Shot Blocked by Colton Parayko.
17:53 of 3rd period - Shot by Brett Ritchie.
17:53 of 3rd period - Shot Blocked by Seth Jones.
18:43 of 3rd period - Icing by Dante Fabbro.
18:44 of 3rd period - Ryan Donato wins face-off versus Bo Horvat in FLORIDA zone.
19:34 of 3rd period - Shot by Craig Smith.
19:34 of 3rd period - Stopped by Frederik Andersen with a rebound.
19:49 of 3rd period - Shayne Gostisbehere is hit by Colton Parayko and loses puck.
Goals for this period are 1 for NEW YORK R vs 1 for FLORIDA.
Shots for this period are 4 for NEW YORK R vs 12 for FLORIDA.

Overtime #1


0:01 of 1st overtime period - Joe Thornton wins face-off versus Bo Horvat in neutral zone.
0:16 of 1st overtime period - Shot by Joe Thornton.
0:16 of 1st overtime period - Deflect By Patrick Marleau.
0:16 of 1st overtime period - Stopped by Frederik Andersen with a rebound.
0:19 of 1st overtime period - Icing by Karl Alzner.
0:20 of 1st overtime period - Bo Horvat wins face-off versus Joe Thornton in NEW YORK R zone.
1:56 of 1st overtime period - Icing by Marc Staal.
1:57 of 1st overtime period - Sam Steel wins face-off versus Joe Thornton in FLORIDA zone.
2:23 of 1st overtime period - Shot by Brendan Lemieux.
2:23 of 1st overtime period - Shot Misses the Net.
2:25 of 1st overtime period - Shot by Sam Steel.
2:25 of 1st overtime period - Goal by Sam Steel - NEW YORK R : 4 - FLORIDA : 3.
Goals for this period are 1 for NEW YORK R vs 0 for FLORIDA.
Shots for this period are 1 for NEW YORK R vs 1 for FLORIDA.